 Dungeon Crawl Stone Soup version 0.21.1-1-g345015f (webtiles) character file.

26 Iko the Vexing (level 2, -9/24 HPs)
             Began as a Troll Enchanter on May 6, 2018.
             Mangled by Alelolelolen's ghost (16 damage)
             ... on level 3 of the Dungeon.
             The game lasted 00:04:44 (324 turns).

Iko the Vexing (Troll Enchanter)                     Turns: 324, Time: 00:04:46

Health: -9/24      AC:  5    Str: 15    XL:     2   Next: 89%
Magic:  1/3        EV: 10    Int: 11    God:
Gold:   11         SH:  0    Dex: 10    Spells: 1/4 levels left

rFire    . . .     SeeInvis .   a - +2 dagger
rCold    . . .     Gourm    +   (no shield)
rNeg     . . .     Faith    .   b - +0 robe
rPois    .         Spirit   .   (helmet restricted)
rElec    .         Reflect  .   (no cloak)
rCorr    .         Harm     .   (gloves unavailable)
MR       .....                  (boots unavailable)
Stlth    ++........             (no amulet)
HPRegen  0.48/turn              (no ring)
MPRegen  0.08/turn              (no ring)

@: very slightly contaminated
A: large, unfitting armour, claws 3, fast metabolism 3, gourmand, regeneration
1, shaggy fur 1, tough skin 2
a: no special abilities


You were on level 3 of the Dungeon.
You were not hungry.

You visited 1 branch of the dungeon, and saw 3 of its levels.

You collected 11 gold pieces.

Inventory:

Hand Weapons
 a - a +2 dagger (weapon)
 f - a +0 hunting sling
Missiles
 g - 18 stones (quivered)
Armour
 b - a +0 robe (worn)
Books
 c - a book of Maledictions

   Spells                             Type                      Level
   a - Corona                         Hexes                        1
   b - Ensorcelled Hibernation        Hexes/Ice                    2
   c - Confuse                        Hexes                        3
   d - Tukima's Dance                 Hexes                        3
   e - Dazzling Spray                 Conjuration/Hexes            3
 e - a book of Cantrips

   Spells                             Type                      Level
   a - Confusing Touch                Hexes                        1
   b - Animate Skeleton               Necromancy                   1
   c - Summon Small Mammal            Summoning                    1
   d - Apportation                    Translocation                1
Comestibles
 d - 2 rations


   Skills:
 + Level 1.0 Short Blades
 + Level 1.6 Dodging
 + Level 1.7 Stealth
 + Level 1.5 Spellcasting
 + Level 2.3 Hexes


You had one spell level left.
You knew the following spells:

 Your Spells              Type           Power        Failure   Level  Hunger
a - Corona                Hex            #......      12%         1    ##.....
b - Summon Small Mammal   Summ           #...         30%         1    ##.....
c - Confusing Touch       Hex            #.....       12%         1    ##.....


Dungeon Overview and Level Annotations

Branches:
Dungeon (3/15)

Altars:

Annotations:
D:3 Alelolelolen's ghost, amateur GrFi


Innate Abilities, Weirdness & Mutations

You are too large for most types of armour.
You have claws for hands.
Your metabolism is lightning-fast.
You like to eat raw meat.
Your natural rate of healing is unusually fast.
You are covered in fur. (AC +1)
You have very tough skin. (AC +2)


Message History

Press: ? - help, Shift-Dir - straight line, f - Alelolelolen's ghost
Aim: Alelolelolen's ghost You throw a stone.
The stone barely misses Alelolelolen's ghost.
You hit Alelolelolen's ghost but do no damage.
Alelolelolen's ghost hits you!
Ouch! That really hurt!
Your rat bites Alelolelolen's ghost but does no damage.
Casting: Summon Small Mammal
Confirm with . or Enter, or press ? or * to list all spells.
Aiming: Corona
Press: ? - help, Shift-Dir - straight line, f/p - Alelolelolen's ghost
Aim: Alelolelolen's ghost (chance to defeat MR: 28%)
You miscast Corona.
Your skin glows momentarily.
Alelolelolen's ghost hits you.
* * * LOW HITPOINT WARNING * * *
Your rat bites Alelolelolen's ghost but does no damage.
You hit Alelolelolen's ghost but do no damage.
Alelolelolen's ghost hits you!
Ouch! That really hurt!
You die...

#############
##...<.#.....##
###(..........[.##
.................#
##...............#
#..............[.#
#..#..........r@.#
..###.........W........
.. #..##........##....
#..# #........# ###
.... #.........#
........(.......
..##...####.. ##.. #.


You could see Alelolelolen's ghost and a friendly rat.

Vanquished Creatures
  An adder (D:2)
  An ooze (D:3)
  An orc (D:3)
  2 ball pythons
  A giant cockroach (D:2)
  A goblin (D:2)
  2 hobgoblins (D:1)
  A quokka (D:2)
10 creatures vanquished.

Vanquished Creatures (collateral kills)
  A quokka (D:3)
1 creature vanquished.

Grand Total: 11 creatures vanquished

Notes
Turn   | Place    | Note
-------+----------+-------------------------------------------
     0 | D:1      | Iko the Troll Enchanter began the quest for the Orb.
     0 | D:1      | Reached XP level 1. HP: 16/16 MP: 1/1
   205 | D:2      | Reached XP level 2. HP: 20/24 MP: 2/2
   219 | D:2      | Learned a level 1 spell: Summon Small Mammal
   221 | D:2      | Learned a level 1 spell: Confusing Touch
   316 | D:3      | Noticed Alelolelolen's ghost (amateur GrFi)
   320 | D:3      | Reached skill level 1 in Short Blades
   324 | D:3      | Mangled by Alelolelolen's ghost

Skill      XL: |  1  2 |
---------------+-------+-----
Short Blades   | 1 |  1.0
Dodging        | |  1.6
Stealth        | |  1.7
Spellcasting   | |  1.5
Hexes          | |  2.3

Action                   || total
-------------------------++-------
Melee: Dagger            ||    72
Throw: Stone             ||     3
 Cast: Corona            ||     1
       Summon Small Mamm ||     2
       Confusing Touch   ||     1
  Use: Scroll            ||     2
       Potion            ||     1
Armor: Robe              ||    23
Dodge: Dodged            ||    36
